 Dungeon Crawl Stone Soup version 0.28.0-43-g3370ac3207 (webtiles) character file.

Game seed: 1407679548567352681

48 pkoi the Gusty (level 3, 0/26 HPs)
             Began as a Demigod Air Elementalist on Mar 25, 2022.
             Slain by Terence
             ... wielding a +0 hand axe
              (1 damage)
             ... on level 2 of the Dungeon.
             The game lasted 00:01:13 (2041 turns).

pkoi the Gusty (Demigod Air Elementalist)           Turns: 2041, Time: 00:01:13

Health: 0/26       AC:  2    Str:  9    XL:     3   Next: 30%
Magic:  0/8        EV: 12    Int: 21    God:
Gold:   32         SH:  0    Dex: 14    Spells: 5/6 levels left

rFire   . . .      SeeInvis .   f - +0 dagger
rCold   . . .      Faith    .   (no shield)
rNeg    . . .      Spirit   .   a - +0 robe
rPois   .          Reflect  .   (no helmet)
rElec   .          Harm     .   (no cloak)
rCorr   .          Rampage  .   (no gloves)
Will    .....                   (no boots)
Stlth   ++........              (no amulet)
HPRegen 0.08/turn               (no ring)
MPRegen 0.11/turn               (no ring)

@: no status effects
A: high MP 1, forlorn, divine attributes
a: no special abilities


You were on level 2 of the Dungeon.
You visited 1 branch of the dungeon, and saw 2 of its levels.

You collected 32 gold pieces.

Inventory:

Hand Weapons
 f - a +0 dagger (weapon)
Armour
 a - a +0 robe (worn)
Jewellery
 h - a +6 ring of intelligence
Scrolls
 b - 2 scrolls of identify {unknown}
 c - a scroll of teleportation {unknown}
 d - 2 scrolls of summoning {unknown}
Potions
 e - 2 potions of curing {unknown}
 g - a potion of attraction {unknown}


   Skills:
 - Level 1.7 Dodging
 - Level 1.7 Stealth
 + Level 2.0 Spellcasting
 - Level 0.8 Conjurations
 * Level 4.0 Air Magic


You had 5 spell levels left.
You knew the following spells:

 Your Spells              Type           Power      Damage    Failure   Level
a - Shock                 Conj/Air       48%        1d6       5%          1

Your spell library contained the following spells:

 Spells                   Type           Power      Damage    Failure   Level
 Static Discharge         Conj/Air       12%        N/A       9%          2
 Swiftness                Air            19%        N/A       9%          3
 Pain                     Necr           8%         1d4       14%         1
 Airstrike                Air            9%         N/A       28%         4
 Agony                    Necr           2%         N/A       99%         5
 Excruciating Wounds      Necr           1%         N/A       99%         5


Dungeon Overview and Level Annotations

Branches:
Dungeon (2/15)

Annotations:
D:2 Terence


Innate Abilities, Weirdness & Mutations

You have an increased reservoir of magic. (+10% MP)
You shall have no god before yourself.
Your divine heritage dramatically boosts your attributes as you level up.


Message History

The zap hits Terence.
Terence is heavily wounded.
Aiming: Shock (safe; 5% risk of failure)
Press: ? - help, Q - select action Shift-Dir - straight line The zap hits Terence.
Terence is heavily wounded.
The zap hits Terence but does no damage.
Terence is heavily wounded.
Terence hits you with a +0 hand axe!
* * * LOW HITPOINT WARNING * * *
Unknown command.
Aiming: Shock (safe; 5% risk of failure)
Press: ? - help, Q - select action Shift-Dir - straight line The zap misses Terence. x2
Terence hits you with a +0 hand axe.
* * * LOW HITPOINT WARNING * * *
Unknown command.
Aiming: Shock (safe; 5% risk of failure)
Press: ? - help, Q - select action Shift-Dir - straight line The zap hits Terence.
Terence is severely wounded.
The zap misses Terence.
Terence hits you with a +0 hand axe.
* * * LOW HITPOINT WARNING * * *
Aiming: Shock (safe; 5% risk of failure)
Press: ? - help, Q - select action Shift-Dir - straight line The zap hits Terence.
Terence is severely wounded.
The zap hits Terence.
Terence is severely wounded.
Terence hits you with a +0 hand axe!
* * * LOW HITPOINT WARNING * * *
Aiming: Shock (safe; 5% risk of failure)
Press: ? - help, Q - select action Shift-Dir - straight line The zap hits Terence.
Terence is almost dead.
The zap hits Terence.
Terence is almost dead.
Terence hits you with a +0 hand axe.
You die...

... #........
..#?.####### #...#####
...........# ##.##
.##..#####.# #.# ...
#.# #.# + #.# ##.## #.#
##...## ###@###
#.###.## #...@.# #.#
#..##
###.....######.###...##
+......................
###.....#.######.#...##
#.....#.# #.##.##
#######.# #.#### #.#
#.# #.# #.# #.# #..


You could see Terence.

Vanquished Creatures
  An adder (D:2)
  2 worms (D:2)
  2 dart slugs (D:1)
  3 endoplasms
  2 giant cockroaches (D:1)
  A goblin (D:1)
  2 hobgoblins (D:1)
  2 kobolds (D:1)
  6 ball pythons
  3 bats
  5 rats
29 creatures vanquished.

Notes
Turn   | Place    | Note
-------+----------+-------------------------------------------
     0 | D:1      | pkoi the Demigod Air Elementalist began the quest for the
                  | Orb.
     0 | D:1      | Reached XP level 1. HP: 14/14 MP: 5/5
   319 | D:1      | Reached skill level 3 in Air Magic
   472 | D:1      | Reached XP level 2. HP: 16/20 MP: 2/7
  1292 | D:2      | Reached XP level 3. HP: 26/26 MP: 2/8
  1828 | D:2      | Reached skill level 4 in Air Magic
  2024 | D:2      | Noticed Terence
  2040 | D:2      | HP: 1/26 [Terence/+0 hand axe (8)]
  2041 | D:2      | Slain by Terence

Illustrated notes

Levels and vault maps discovered:
D:1:      tarquinn_simple_flora_water_d, layout_loops_cross
D:2:      layout_loops_corners, corexii_corridor_pit, uniq_terence, uniq_sigmund

Skill      XL: |  1  2  3 |
---------------+----------+-----
Air Magic      | 3 4 |  4.0
Spellcasting   | 2 |  2.0
Dodging        | |  1.7
Stealth        | |  1.7
Conjurations   | |  0.8

Action                   || total
-------------------------++-------
Melee: Dagger            ||     4
 Cast: Shock             ||    78
Armor: Robe              ||     1
Dodge: Dodged            ||     8
